Map: Inside and Out

Players

A.I. 1 (Very Easy)

  • Race: Zerg Zerg
  • Spawn Location: 7:00

Goliath - Winner!

  • Race: Terran Terran
  • League: Grandmaster
  • Spawn Location: 1:00

VOD

Have the link to the VOD?

Description

Time

  • Played on: Aug. 2, 2022, 8:19 p.m.
  • Length: 13:11
Show
View Real Time Build Order
Export as new Build Order

A.I. 1 (Very Easy) Zerg 

Build Orders: Hatch First 

Get SALT Encoding   

  12  0:01  Drone  
  13  0:12  Overlord  
  13  0:16  Drone  
  14  0:42  Hatchery  
  13  0:45  Drone  
  14  1:02  Spawning Pool  
  13  1:05  Drone  
  13  1:08  Extractor  
  13  1:12  Drone  
  14  1:19  Overlord  
  14  1:49  Queen  
  14  1:50  Zergling x2  
  14  1:52  Zergling x2  
  18  1:57  Roach Warren  
  17  2:03  Drone  
  17  2:07  Extractor  
  17  2:11  Drone  
  18  2:15  Zergling x2  
  18  2:20  Drone  
  20  2:27  Drone  
  21  2:34  Drone  
  22  2:41  Drone  
  23  2:49  Drone  
  24  2:56  Drone  
  25  3:03  Drone  
  25  3:04  Roach  
  28  3:10  Overlord  
  28  3:14  Drone  
  29  3:21  Drone  
  30  3:28  Drone  
  31  3:35  Drone  
  32  3:43  Drone  
  32  3:45  Overlord  
  33  3:50  Drone  
  33  3:53  Roach  
  33  3:54  Lair  
  36  3:57  Drone  
  37  4:05  Drone  
  38  4:12  Drone  
  39  4:19  Drone  
  40  4:26  Drone  
  40  4:28  Overlord  
  41  4:34  Drone  
  42  4:41  Roach, Drone  
  45  4:48  Drone  
  45  4:52  Overseer  
  46  4:54  Overseer  
  46  4:55  Drone  
  46  4:56  Extractor  
  46  5:02  Drone  
  46  5:03  Extractor  
  46  5:09  Drone  
  47  5:16  Drone  
  48  5:24  Drone  
  49  5:30  Roach  
  49  5:31  Drone  
  52  5:38  Drone  
  53  7:07  Zergling x2  
  51  7:08  Overlord  
  43  7:36  Roach  
  45  8:04  Zergling x2  
  46  8:33  Roach  
  48  9:13  Overseer  
  48  9:22  Roach  
  50  10:10  Roach  
  52  10:14  Pneumatized Carapace  
  52  10:16  Overseer, Overlord  
  52  10:17  Overlord  
  52  10:31  Infestation Pit, Drone  
  52  10:33  Hydralisk Den  
  51  10:39  Drone  
  52  11:04  Hydralisk  
  52  11:11  Overseer  
  46  11:23  Zergling x2  
  47  11:42  Roach  
  49  12:00  Infestor  
  51  12:05  Queen  
  46  12:11  Hatchery  
  45  12:19  Drone, Zergling x2  
  35  12:26  Drone  
  29  12:33  Drone  
  26  12:40  Drone  
  26  12:47  Roach  
  17  12:51  Drone  
  15  12:58  Drone  
Show
View Real Time Build Order
Export as new Build Order

Goliath Terran - Winner!

Build Orders: Reaper Expand 

Get SALT Encoding   

  12  0:00  SCV  
  13  0:13  SCV  
  14  0:17  Supply Depot  
  14  0:25  SCV  
  15  0:39  SCV  
  15  0:40  Barracks  
  16  0:45  Refinery  
  16  0:51  SCV  
  17  1:03  SCV  
  18  1:15  SCV  
  19  1:27  Reaper, Orbital Command  
  20  1:40  Command Center  
  20  1:47  Supply Depot  
  20  1:53  SCV  
  21  1:59  Marine  
  22  2:05  SCV  
  23  2:12  Factory  
  23  2:17  SCV  
  24  2:23  Barracks Reactor  
  24  2:29  SCV  
  25  2:40  Command Center  
  25  2:41  SCV  
  26  2:52  Orbital Command  
  26  2:53  SCV  
  27  3:05  Barracks  
  27  3:08  SCV  
  32  3:12  Hellion  
  32  3:13  Barracks Tech Lab, Hellion  
  32  3:18  SCV  
  33  3:20  SCV  
  33  3:21  Refinery  
  34  3:30  SCV  
  34  3:32  SCV, Stimpack, Marine  
  37  3:35  Hellion  
  37  3:38  Hellion  
  41  3:42  SCV  
  41  3:44  SCV  
  43  3:51  Marine  
  43  3:52  Orbital Command  
  44  3:56  SCV x2  
  46  4:04  Marine x2  
  46  4:08  SCV  
  46  4:09  SCV, Marine  
  51  4:11  Factory Reactor, Starport  
  51  4:17  Orbital Command  
  51  4:20  SCV  
  51  4:21  SCV  
  51  4:22  Supply Depot, Marine x2  
  55  4:26  Marine  
  56  4:32  SCV  
  56  4:33  SCV  
  56  4:34  Refinery x2  
  56  4:38  Engineering Bay  
  58  4:39  Engineering Bay  
  58  4:41  Marine x2  
  58  4:43  SCV  
  58  4:44  SCV, Marine  
  63  4:45  Supply Depot  
  63  4:46  SCV  
  64  4:56  Medivac x2  
  64  4:58  Marine  
  69  5:06  Terran Infantry Armor Level 1, Terran Infantry Weapons Level 1  
  69  5:07  SCV x3, Marine x2  
  69  5:10  Supply Depot  
  74  5:14  Factory Tech Lab  
  74  5:16  Marine  
  74  5:19  SCV x2, Supply Depot  
  77  5:25  Combat Shield  
  77  5:32  SCV, Siege Tank, Marine x2  
  77  5:34  SCV x2, Barracks  
  85  5:35  Starport Reactor  
  85  5:41  Supply Depot  
  85  5:42  Supply Depot  
  85  5:44  SCV  
  85  5:46  SCV x2  
  85  5:48  Marine  
  85  5:49  Marine  
  89  5:50  Marine  
  89  5:55  Barracks  
  89  5:56  SCV, Barracks  
  92  5:58  SCV  
  92  6:02  SCV  
  94  6:05  Supply Depot x2  
  94  6:08  Siege Tank  
  97  6:12  SCV x2, Supply Depot  
  97  6:15  SCV, Marine, Medivac x2  
  97  6:16  Marine  
  97  6:17  Marine  
  107  6:31  Marine x2  
  110  6:32  SCV  
  110  6:33  SCV x2, Marine  
  110  6:34  Marine  
  110  6:35  Marine  
  110  6:37  Armory  
  115  6:41  Siege Tank  
  115  6:42  Barracks Reactor  
  115  6:44  Barracks Reactor  
  118  6:48  Marine  
  118  6:49  Refinery, Command Center  
  118  6:50  Refinery  
  118  6:52  SCV x3  
  122  6:57  Factory  
  122  6:59  Marine x4  
  122  7:01  Medivac  
  128  7:02  Medivac  
  128  7:07  SCV x3  
  132  7:19  SCV  
  133  7:23  Supply Depot x3  
  133  7:29  Terran Infantry Armor Level 2, Terran Infantry Weapons Level 2  
  133  7:38  SCV x2, Marine x8  
  133  7:40  SCV  
  133  7:41  Medivac x2  
  149  7:47  Terran Vehicle Weapons Level 1  
  149  7:53  Factory Tech Lab  
  149  7:56  Marine x7  
  156  7:59  Marine  
  156  8:00  Supply Depot  
  156  8:01  Supply Depot x3  
  156  8:05  Marine  
  157  8:07  Concussive Shells  
  157  8:09  Siege Tank  
  157  8:12  Siege Tank  
  163  8:14  Marine x5  
  163  8:17  Marine x3  
  163  8:19  Medivac  
  173  8:20  Medivac  
  173  8:24  SCV x3  
  178  8:32  Marine x6  
  184  8:35  Marine x3  
  184  8:40  Planetary Fortress  
  187  8:41  Siege Tank  
  187  8:46  Siege Tank  
  193  8:50  Marine x6  
  193  8:53  Marine  
  200  9:04  Refinery  
  200  9:05  Refinery, Command Center  
  200  9:06  Command Center  
  200  9:26  Barracks  
  200  9:27  Barracks  
  200  9:28  Factory, Barracks  
  200  9:29  Factory  
  200  9:47  Terran Vehicle Weapons Level 2  
  200  9:48  Terran Infantry Armor Level 3, Terran Infantry Weapons Level 3  
  128  10:15  Ghost Academy  
  128  10:16  Barracks Tech Lab x3  
  128  10:17  Marine  
  128  10:18  Marauder, Marine x7  
  128  10:19  Factory Reactor x2  
  128  10:20  Siege Tank x2, Medivac x2  
  148  10:46  Ghost x4  
  148  10:47  Marine x4  
  148  10:48  Marine x4  
  164  10:52  Siege Tank x2  
  170  10:59  Planetary Fortress  
  168  11:07  Marine x7  
  168  11:08  Marine  
  168  11:09  Hellbat x4  
  184  11:11  Infernal Pre-Igniter  
  184  11:31  Planetary Fortress  
  184  11:41  Personal Cloaking  
  184  11:48  Drilling Claws  
Tags
 
Add a new tag
Caveats
  • Supply blocks, unpowered buildings, or Contaminate may cause inaccurate times.
  • Supply counts are checked every 10 seconds.